 Dungeon Crawl Stone Soup version bcrawl-1.21.3-2-g9d8a61a446 (webtiles) character file.

Game seed: 224295175120868591

714 Dyss the Destroyer (level 7, -3/38 HPs)
             Began as an Avariel Conjurer on Apr 24, 2020.
             Slain by a bullfrog (9 damage)
             ... on level 6 of the Dungeon.
             The game lasted 00:13:22 (6288 turns).

Dyss the Destroyer (Avariel Conjurer)               Turns: 6288, Time: 00:13:23

Health: -3/38      AC:  4    Str: 12    XL:     7   Next: 69%
Magic:  17/28      EV: 13    Int: 23    God:
Gold:   107        SH:  0    Dex: 13    Spells: 4/16 levels left

rFire    + . .     SeeInvis .   u - staff of power
rCold    x . .     Gourm    .   (no shield)
rNeg     . . .     Faith    .   a - +0 robe
rPois    .         Spirit   .   (no helmet)
rElec    .         Reflect  .   (no cloak)
rCorr    .         Harm     .   (no gloves)
MR       .....     Clarity  +   (no boots)
Stlth    ++........             (no amulet)
HPRegen  0.12/turn              q - ring of Elitism {Fire *Slow +Blink +Fly Str+6}
MPRegen  0.21/turn              (no ring)

@: lethally poisoned (-3 -> -6)
A: icy blue scales 1, clarity, evolution 1
a: Evoke Blink, Evoke Flight


You were on level 6 of the Dungeon.
You were not hungry.

You visited 1 branch of the dungeon, and saw 6 of its levels.

You collected 232 gold pieces.
You spent 125 gold pieces at shops.

Inventory:

Armour
 a - a +0 robe (worn)
Magical Staves
 u - an uncursed staff of power (weapon)
Jewellery
 q - the ring of Elitism (left hand) {Fire *Slow +Blink +Fly Str+6}
   (You bought it in a shop on level 4 of the Dungeon)

   [ring of fire]

   It enhances your fire magic.
   It affects your strength (+6).
   It protects you from fire.
   It makes you vulnerable to cold.
   It lets you fly.
   It lets you blink.
   It may slow you when you take damage.
Wands
 v - a wand of polymorph (11)
Scrolls
 b - 9 scrolls of identify {unknown}
 h - a scroll of magic mapping {unknown}
 i - a scroll of amnesia {unknown}
 j - 4 scrolls of teleportation {unknown}
 k - 4 scrolls of remove curse {unknown}
 n - a scroll of immolation {unknown}
 o - 2 scrolls of blinking {unknown}
 p - 2 scrolls of enchant weapon {unknown}
 r - a scroll of enchant armour {unknown}
Potions
 c - 2 potions of magic
 d - a potion of mutation
 f - a potion of might {unknown}
 g - a potion of agility {unknown}
 l - a potion of degeneration {unknown}
 m - a potion of heal wounds {unknown}
 s - 2 potions of haste {unknown}
 t - a potion of curing {unknown}
 w - a potion of lignification {unknown}
Comestibles
 e - 8 rations {!d}


   Skills:
 + Level 1.0 Fighting
 + Level 1.1 Armour
 + Level 2.8 Dodging
 - Level 2.2 Stealth
 + Level 5.0 Spellcasting
 * Level 9.5 Conjurations
 - Level 3.1 Hexes
 + Level 1.1 Transmutations


You had 4 spell levels left.
You knew the following spells:

 Your Spells              Type           Power        Failure   Level  Hunger
a - Magic Dart            Conj           ####         1%          1    None
b - Searing Ray           Conj           #####...     1%          2    None
c - Fulminant Prism       Conj/Hex       ####......   7%          4    ####...
d - Irradiate             Conj/Tmut      ####......   30%         5    #####..

Your spell library contained the following spells:

 Spells                   Type           Power        Failure   Level  Hunger
 Iskenderun's Mystic Bla  Conj           #####...     1%          3    ##.....


Dungeon Overview and Level Annotations

Branches:
Dungeon (6/12)             Temple (0/1) D:6

Altars:
Kikubaaqudgha

Shops:
D:4 *

Annotations:
D:3 Robin


Innate Abilities, Weirdness & Mutations

You are partially covered in icy blue scales. (AC +2)
You possess an exceptional clarity of mind.
You evolve.


Message History

The bullfrog croaks.
You see here a worker ant corpse.
You butcher the worker ant corpse.
You feel sick.
You see here a chunk of flesh.
Casting: Magic Dart (safe; 1% risk of failure)
Confirm with . or Enter, or press ? or * to list all spells.
Aiming: Searing Ray (safe; 1% risk of failure)
Press: ? - help, Shift-Dir - straight line, f - bullfrog
Aim: a bullfrog The searing ray hits the bullfrog!
The bullfrog is moderately wounded. (Press . to maintain the ray.)
The bullfrog hits you! x2
* * * LOW HITPOINT WARNING * * *
It was a potion of mutation.
You feel extremely strange.
Icy blue scales grow over part of your body.
You feel nature experimenting on you.
Don't worry, failures die fast.
Your thoughts seem clearer.
The bullfrog hits you!
You die...

# . .### ###
..######
#...##......
#....F..>###.##
#...##@..(.....
#.....<.)....#
#.............
#>....#...#.[.
.......#.⌠.# ..
###...###...#
..... ....
##.#. .>..⌠ #.
......


You could see a bullfrog.

Vanquished Creatures
  A sky beast (D:4)
  A scorpion (D:4)
  A centaur zombie (D:5)
  4 crimson imps
  2 hounds (D:4)
  3 orc wizards (D:5)
  3 worker ants
  3 gnolls (D:4)
  5 adders
  3 oozes
  An adder zombie (D:6)
  An adder skeleton (D:4)
  4 worms
  5 leopard geckos
  7 orcs
  A ball python (D:1)
  A bat (D:1)
  2 giant cockroaches
  10 hobgoblins
  7 jackals
  A frilled lizard (D:3)
  9 goblins
  7 kobolds
  4 rats (D:2)
86 creatures vanquished.

Vanquished Creatures (others)
  5 fulminant prisms
5 creatures vanquished.

Grand Total: 91 creatures vanquished

Notes
Turn   | Place    | Note
-------+----------+-------------------------------------------
     0 | D:1      | Dyss the Avariel Conjurer began the quest for the Orb.
     0 | D:1      | Reached XP level 1. HP: 10/10 MP: 6/6
   227 | D:1      | Reached XP level 2. HP: 15/15 MP: 4/7
   502 | D:1      | Reached skill level 6 in Conjurations
  1277 | D:2      | Learned a level 2 spell: Searing Ray
  1393 | D:2      | Reached XP level 3. HP: 19/19 MP: 6/9
  2002 | D:2      | Reached skill level 7 in Conjurations
  2002 | D:2      | Reached XP level 4. HP: 21/24 MP: 2/10
  2097 | D:2      | Learned a level 4 spell: Fulminant Prism
  2979 | D:3      | Reached XP level 5. HP: 28/28 MP: 10/12
  2984 | D:3      | Noticed Robin
  2987 | D:3      | Reached skill level 1 in Hexes
  3332 | D:3      | HP: 1/28 [Robin/+8 club (3)]
  4323 | D:4      | Reached skill level 8 in Conjurations
  4532 | D:4      | Noticed a sky beast
  4542 | D:4      | Reached XP level 6. HP: 20/32 MP: 9/14
  4549 | D:4      | Found Elaza's Assorted Antiques.
  4550 | D:4      | Killed a sky beast
  4617 | D:4      | Bought a steaming granite ring for 125 gold pieces
  4671 | D:4      | Identified the ring of Elitism {Fire *Slow +Blink +Fly
                  | Str+6} (You bought it in a shop on level 4 of the Dungeon)
  4897 | D:4      | Reached skill level 9 in Conjurations
  4897 | D:4      | Reached XP level 7. HP: 36/36 MP: 7/16
  5029 | D:4      | Learned a level 5 spell: Irradiate
  5388 | D:5      | Entered Level 5 of the Dungeon
  5914 | D:5      | Reached skill level 1 in Armour
  5914 | D:5      | Reached skill level 5 in Spellcasting
  6094 | D:5      | Found an ancient bone altar of Kikubaaqudgha.
  6099 | D:5      | Reached skill level 1 in Transmutations
  6274 | D:6      | Found a staircase to the Ecumenical Temple.
  6278 | D:6      | Reached skill level 1 in Fighting
  6288 | D:6      | Gained mutation: You are partially covered in icy blue
                  | scales. (AC +2) [potion of mutation]
  6288 | D:6      | Gained mutation: You evolve. [potion of mutation]
  6288 | D:6      | Gained mutation: You possess an exceptional clarity of
                  | mind. [potion of mutation]
  6288 | D:6      | Slain by a bullfrog

Skill      XL: |  1  2  3  4  5  6  7 |
---------------+----------------------+-----
Conjurations   | 6 7 8 9 |  9.5
Spellcasting   | 3 4 5 |  5.0
Hexes          | 2 3 |  3.1
Armour         | 1 |  1.1
Transmutations | 1 |  1.1
Fighting       | 1 |  1.0
Dodging        | |  2.8
Stealth        | |  2.2

Action                   |  1- 3 |  4- 6 |  7- 9 || total
-------------------------+-------+-------+-------++-------
Melee: Unarmed           |    19 |     5 |       ||    24
 Cast: Magic Dart        |    72 |    91 |    31 ||   194
       Searing Ray       |       |     4 |     7 ||    11
       Fulminant Prism   |       |     3 |     2 ||     5
  Use: Potion            |       |       |     1 ||     1
  Eat: Chunk             |     3 |     6 |     4 ||    13
       Ration            |       |     1 |       ||     1
Armor: Robe              |     3 |     6 |     2 ||    11
Dodge: Dodged            |    25 |    27 |    23 ||    75
